AoeStats
← Xx_KeVIN_zZ

Arena

508676365Analyzed
4v4 RM · 23d ago on Sep 23, 2026· 40m 18s· 8 players
Game mode
Random Map
Map size
Large (8 player)
Population
200
Speed
Normal
Resources
Standard
Victory
Conquest
Starting age
Dark Age
Ending age
Imperial Age
RankedLock teamsTeams togetherTeam positionsShared explorationLock speedFull tech treeHidden civsTurbo modeCheats
Victory
Defeat
🇻🇳 Wei · Vietnam
1292
+15
🇻🇳 Slavs · Vietnam
1265
+16
🇻🇳 Danes · Vietnam
1244
+17
🇻🇳 Tupi · Vietnam
1128
+20
vs
🇨🇴 Turks · Colombia
1287
-19
🇩🇪 Saxons · Germany
1256
-17
🇩🇪 Danes · Germany
1240
-16
🇨🇴 Persians · Colombia
1240
-16
ARo
10:02 Feudal Age
10:58 Double-Bit Axe
11:54 Wheelbarrow
11:59 Horse Collar
14:41 Castle Age
15:47 Bow Saw
15:46 Heavy Plow
21:17 Hand Cart
22:13 Gold Mining
23:56 Loom
25:40 Gold Shaft Mining
28:14 Imperial Age
25:47 Scale Mail Armor
25:58 Forging
27:02 Chain Mail Armor
26:50 Stone Mining
27:30 Town Watch
27:56 Squires
28:41 Iron Casting
28:59 Stone Shaft Mining
29:16 Masonry
29:39 Conscription
30:12 Plate Mail Armor
31:39 Blast Furnace
30:56 Capped Ram
31:54 Hamask
34:53 Siege Engineers
35:31 Hoardings
34:55 Elite Jomsviking
35:07 Pikeman
36:56 Elite Varangian Guard
37:58 Man-at-Arms
38:25 Gambesons
SATOLEP
8:52 Feudal Age
9:18 Loom
14:54 Castle Age
13:38 Stone Mining
JoBieter
10:23 Feudal Age
14:23 Castle Age
13:18 Double-Bit Axe
14:23 Loom
14:38 Gold Mining
16:19 Wheelbarrow
26:27 Gold Shaft Mining
26:05 Bow Saw
25:36 Horse Collar
31:05 Imperial Age
28:39 Stone Mining
32:51 Hand Cart
32:38 Fletching
32:48 Padded Archer Armor
32:50 Scale Mail Armor
33:00 Forging
33:47 Elite Skirmisher
34:27 Bodkin Arrow
35:40 Thumb Ring
37:08 Ballistics
37:31 Chain Mail Armor
37:52 Iron Casting
37:18 Bracer
37:33 Leather Archer Armor
Xx_KeVIN_zZ
10:58 Feudal Age
14:44 Castle Age
16:32 Double-Bit Axe
21:19 Horse Collar
21:53 Gold Mining
24:12 Forging
23:53 Fletching
24:03 Padded Archer Armor
24:04 Stone Mining
24:32 Pikeman
25:13 Squires
24:58 Arson
kw3dsky
12:03 Feudal Age
16:47 Castle Age
30:16 Loom
Phu Thuy
8:17 Loom
11:01 Feudal Age
12:38 Wheelbarrow
15:07 Castle Age
13:26 Double-Bit Axe
13:46 Horse Collar
14:27 Gold Mining
15:00 Stone Mining
16:27 Bow Saw
23:48 Scale Barding Armor
26:53 Forging
27:51 Heavy Plow
29:58 Chain Barding Armor
30:24 Iron Casting
30:11 Town Watch
31:52 Bloodlines
31:43 Husbandry
35:18 Gold Shaft Mining
39:50 Imperial Age
39:56 Elite Tiger Cavalry
Tin's
11:07 Feudal Age
13:15 Horse Collar
16:45 Castle Age
18:50 Loom
22:49 Double-Bit Axe
27:22 Scale Mail Armor
27:33 Forging
28:37 Wheelbarrow
28:03 Gold Mining
29:37 Heavy Plow
29:58 Chain Mail Armor
29:53 Forging
30:59 Stone Mining
31:51 Gold Shaft Mining
32:37 Iron Casting
33:32 Fletching
37:30 Imperial Age
35:23 Hamask
36:54 Thumb Ring
38:01 Northmen's Fury
38:10 Cranequins
39:50 Hand Cart
39:48 Bow Saw
40:03 Ballistics
danganharmy
10:10 Feudal Age
14:15 Castle Age
12:24 Double-Bit Axe
22:13 Wheelbarrow
23:33 Bow Saw
26:27 Hand Cart
29:57 Imperial Age
27:13 Loom
27:13 Town Watch
28:04 Forging
27:54 Scale Mail Armor
27:41 Horse Collar
27:51 Man-at-Arms
29:25 Iron Casting
29:08 Heavy Plow
28:44 Long Swordsman
29:27 Squires
29:43 Chain Mail Armor
29:25 Gold Mining
29:26 Stone Mining
30:00 Two-Handed Swordsman
30:03 Capped Ram
34:42 Blast Furnace
34:12 Plate Mail Armor
33:54 Siege Ram
34:31 Champion
36:09 Plate Mail Armor
36:45 Crop Rotation
37:36 Druzhina
39:06 Gold Shaft Mining
40:11 Conscription
Connection lost

Rejoining the realm…

Still unreachable

The connection could not be restored.

Session expired

The server has moved on; the page needs a fresh start.